| TOP OF THE 1ST |
|
Johnson City Cardinals batting - Pitching for Chicago (APP) Cubs : RHP Masato Iwase
|
|
Pitching: RHP Masato Iwase
|
|
|
Batting: RHB Juan Carrillo
|
0-0: Foul Ball, location: 2F 0-1: Ball 1-1: Ball 2-1: Ball 3-1: Foul Ball, location: 2F 3-2: Base on Balls
|
|
Batting: RHB Kyle Burns
|
0-0: Ball Juan Carrillo steals 2nd base 1-0: Ball 2-0: Called Strike 2-1: Foul Ball, location: 2F 2-2: Foul Ball, location: 2F 2-2: Ball 3-2: Base on Balls
|
|
Batting: SHB Justin Houser
|
0-0: Ball 1-0: Fly out, F9 (Flyball, 9LS, EV 71.2 MPH)
|
|
Batting: LHB Ignacio Ocampo
|
0-0: Ball 1-0: Ball 2-0: Foul Ball, location: 2F 2-1: Ball Wild Pitch! Juan Carrillo to third Kyle Burns to second 3-1: Foul Ball, location: 2F 3-2: Fly out, F8 (Flyball, 8RXD, EV 97.5 MPH) Runner from 3rd tags up, SCORES, no throw by CF Kyle Burns to third
|
|
Batting: RHB McGwire Jones
|
0-0: Called Strike 0-1: Foul Ball, location: 2F 0-2: Ball 1-2: Ball 2-2: Foul Ball, location: 2F 2-2: Fly out, F5 (Line Drive, 5, EV 71.2 MPH)
|
| Top of the 1st over - 1 run, 0 hits, 0 errors, 1 left on base; Johnson City 1 - Chicago (APP) 0 |
| BOTTOM OF THE 1ST |
|
Chicago (APP) Cubs batting - Pitching for Johnson City Cardinals : RHP Nick Mistretta
|
|
Pitching: RHP Nick Mistretta
|
|
|
Batting: SHB Jim Lloyd
|
0-0: Called Strike 0-1: Ground out 5-3 (Groundball, 5, EV 79.4 MPH)
|
|
Batting: RHB Lencho Otieno
|
0-0: Swinging Strike 0-1: Called Strike 0-2: Foul Ball, location: 2F 0-2: Ball 1-2: Ball 2-2: Ball 3-2: Strikes out swinging
|
|
Batting: RHB Dustin Goldsborough
|
0-0: Ball 1-0: Ball 2-0: Called Strike 2-1: Fly out, F8 (Flyball, 89D, EV 100.6 MPH)
|
| Bottom of the 1st over - 0 runs, 0 hits, 0 errors, 0 left on base; Johnson City 1 - Chicago (APP) 0 |
| TOP OF THE 2ND |
|
Johnson City Cardinals batting - Pitching for Chicago (APP) Cubs : RHP Masato Iwase
|
|
Batting: RHB Jonathan Winkler
|
0-0: Ball 1-0: Ball 2-0: Called Strike 2-1: SOLO HOME RUN (Flyball, 9D, EV 105.6 MPH), Distance : 392 ft
|
|
Batting: RHB Johnny Lowe
|
0-0: SINGLE (Groundball, 56D, EV 99.4 MPH)
|
|
Batting: RHB Pablo Nunez
|
0-0: Foul Ball, location: 2F 0-1: Foul Ball, location: 2F 0-2: Strikes out swinging
|
|
Batting: RHB Adam Hudson
|
0-0: Ball Johnny Lowe steals 2nd, throwing error, E2 Johnny Lowe to third 1-0: Ball 2-0: Ball Wild Pitch! Johnny Lowe scores 3-0: Called Strike 3-1: SINGLE (Line Drive, 9LS, EV 92.5 MPH)
|
|
Batting: RHB Juan Carrillo
|
0-0: Fielders Choice at 2nd, 3-6 (Groundball, 3, EV 106.2 MPH)
|
|
Batting: RHB Kyle Burns
|
0-0: Ball Juan Carrillo steals 2nd base 1-0: Ball 2-0: Ball 3-0: Base on Balls
|
|
Batting: SHB Justin Houser
|
0-0: Ball 1-0: Ball 2-0: Called Strike 2-1: Foul Ball, location: 2F 2-2: Foul Ball, location: 2F 2-2: Fly out, F9 (Line Drive, 9D, EV 91.9 MPH)
|
| Top of the 2nd over - 2 runs, 3 hits, 1 error, 2 left on base; Johnson City 3 - Chicago (APP) 0 |
| BOTTOM OF THE 2ND |
|
Chicago (APP) Cubs batting - Pitching for Johnson City Cardinals : RHP Nick Mistretta
|
|
Batting: RHB Andy Baumhardt
|
0-0: Ball 1-0: Called Strike 1-1: Foul Ball, location: 2F 1-2: Ball 2-2: Ball 3-2: Foul Ball, location: 2F 3-2: Strikes out looking
|
|
Batting: RHB Juan Lira
|
0-0: Called Strike 0-1: Foul Ball, location: 2F 0-2: Ball 1-2: Ball 2-2: Foul Ball, location: 2F 2-2: Strikes out swinging
|
|
Batting: LHB Jose Mafano
|
0-0: Ball 1-0: Fly out, F8 (Flyball, 8RD, EV 86.9 MPH)
|
| Bottom of the 2nd over - 0 runs, 0 hits, 0 errors, 0 left on base; Johnson City 3 - Chicago (APP) 0 |
| TOP OF THE 3RD |
|
Johnson City Cardinals batting - Pitching for Chicago (APP) Cubs : RHP Masato Iwase
|
|
Batting: LHB Ignacio Ocampo
|
0-0: Ball 1-0: TRIPLE (Flyball, 78XD, EV 89.4 MPH)
|
|
Batting: RHB McGwire Jones
|
0-0: Called Strike 0-1: Ball 1-1: Foul Ball, location: 2F 1-2: Ball 2-2: Fly out, F7 (Flyball, 78M, EV 85.0 MPH)
|
|
Batting: RHB Jonathan Winkler
|
0-0: Foul Ball, location: 2F 0-1: Foul Ball, location: 2F 0-2: Ground out 4-3 (Groundball, 4, EV 101.9 MPH) Ignacio Ocampo scores
|
|
Batting: RHB Johnny Lowe
|
0-0: Ball 1-0: Ball 2-0: Ball 3-0: Called Strike 3-1: Foul Ball, location: 2F 3-2: Strikes out swinging
|
| Top of the 3rd over - 1 run, 1 hit, 0 errors, 0 left on base; Johnson City 4 - Chicago (APP) 0 |
| BOTTOM OF THE 3RD |
|
Chicago (APP) Cubs batting - Pitching for Johnson City Cardinals : RHP Nick Mistretta
|
|
Batting: RHB Andy Villarreal
|
0-0: Ground out 4-3 (Groundball, 4, EV 85.0 MPH)
|
|
Batting: RHB Jorge Gonzalez
|
0-0: Ball 1-0: Called Strike 1-1: Ball 2-1: Ground out 4-3 (Groundball, 34, EV 90.6 MPH)
|
|
Batting: RHB Bobby Almonte
|
0-0: Foul Ball, location: 2F 0-1: Foul Ball, location: 2F 0-2: Strikes out swinging, 2-3 out at first.
|
| Bottom of the 3rd over - 0 runs, 0 hits, 0 errors, 0 left on base; Johnson City 4 - Chicago (APP) 0 |
| TOP OF THE 4TH |
|
Johnson City Cardinals batting - Pitching for Chicago (APP) Cubs : RHP Masato Iwase
|
|
Batting: RHB Pablo Nunez
|
0-0: Ball 1-0: Ball 2-0: Ball 3-0: Base on Balls
|
|
Batting: RHB Adam Hudson
|
0-0: Ball 1-0: Swinging Strike 1-1: Ball 2-1: Ball 3-1: Base on Balls Pablo Nunez to second
|
|
Batting: RHB Juan Carrillo
|
0-0: Ball 1-0: Called Strike 1-1: Foul Ball, location: 2F 1-2: Foul Ball, location: 2F 1-2: Fly out, F8 (Line Drive, 8RM, EV 94.4 MPH)
|
|
Batting: RHB Kyle Burns
|
0-0: Swinging Strike 0-1: Ball 1-1: Ball 2-1: Foul Ball, location: 2F 2-2: Foul Ball, location: 2F 2-2: Fly out, F9 (Line Drive, 89S, EV 91.2 MPH)
|
|
Batting: SHB Justin Houser
|
0-0: Ball 1-0: Called Strike 1-1: Foul Ball, location: 2F 1-2: Ball 2-2: DOUBLE (Line Drive, 78XD, EV 106.2 MPH) Pablo Nunez scores Adam Hudson to third Runner from 3rd tries for Home, SAFE, throw by CF to home
|
|
Batting: LHB Ignacio Ocampo
|
0-0: Called Strike 0-1: Called Strike 0-2: Reached on error, E5 (Groundball, 5L, EV 98.8 MPH) Justin Houser scores
|
|
Batting: RHB McGwire Jones
|
0-0: Ball 1-0: Called Strike 1-1: Ball 2-1: Swinging Strike 2-2: Strikes out swinging
|
| Top of the 4th over - 3 runs, 1 hit, 1 error, 1 left on base; Johnson City 7 - Chicago (APP) 0 |
| BOTTOM OF THE 4TH |
|
Chicago (APP) Cubs batting - Pitching for Johnson City Cardinals : RHP Nick Mistretta
|
|
Batting: SHB Jim Lloyd
|
0-0: Called Strike 0-1: Called Strike 0-2: Ball 1-2: Ball 2-2: Ball 3-2: Strikes out swinging
|
|
Batting: RHB Lencho Otieno
|
0-0: Foul Ball, location: 2F 0-1: Called Strike 0-2: Ball 1-2: Strikes out swinging
|
|
Batting: RHB Dustin Goldsborough
|
0-0: Swinging Strike 0-1: Foul Ball, location: 2F 0-2: Strikes out looking
|
| Bottom of the 4th over - 0 runs, 0 hits, 0 errors, 0 left on base; Johnson City 7 - Chicago (APP) 0 |
| TOP OF THE 5TH |
|
Johnson City Cardinals batting - Pitching for Chicago (APP) Cubs : RHP Masato Iwase
|
|
Batting: RHB Jonathan Winkler
|
0-0: Ground out 4-3 (Groundball, 4, EV 81.9 MPH)
|
|
Batting: RHB Johnny Lowe
|
0-0: Foul Ball, location: 2F 0-1: Ball 1-1: SINGLE (Groundball, 4MD, EV 101.2 MPH)
|
|
Batting: RHB Pablo Nunez
|
0-0: Ball 1-0: Ball 2-0: Called Strike 2-1: Ball 3-1: Swinging Strike 3-2: Base on Balls Johnny Lowe to second
|
|
Batting: RHB Adam Hudson
|
0-0: Ball 1-0: Ball 2-0: 3-RUN HOME RUN (Flyball, 7D, EV 102.5 MPH), Distance : 394 ft
|
|
Batting: RHB Juan Carrillo
|
0-0: Ball 1-0: Ground out 3-1 (Groundball, 34, EV 88.1 MPH)
|
|
Batting: RHB Kyle Burns
|
0-0: Swinging Strike 0-1: Called Strike 0-2: SINGLE (Flyball, 3D, EV 98.8 MPH)
|
|
Batting: SHB Justin Houser
|
0-0: Foul Ball, location: 2F 0-1: Ball 1-1: Ball 2-1: Swinging Strike 2-2: Ball Wild Pitch! Kyle Burns to second 3-2: Base on Balls
|
|
Batting: LHB Ignacio Ocampo
|
0-0: Ball 1-0: Called Strike 1-1: Ball 2-1: Ball 3-1: Base on Balls Kyle Burns to third Justin Houser to second
|
|
Batting: RHB McGwire Jones
|
0-0: Foul Ball, location: 2F 0-1: DOUBLE (Line Drive, 78XD, EV 108.1 MPH) Kyle Burns scores Justin Houser scores Ignacio Ocampo to third Runner from 3rd tries for Home, SAFE, throw by CF to trailing runner, OUT at third! 8-3-5
|
| Top of the 5th over - 6 runs, 4 hits, 0 errors, 0 left on base; Johnson City 13 - Chicago (APP) 0 |
| BOTTOM OF THE 5TH |
|
Chicago (APP) Cubs batting - Pitching for Johnson City Cardinals : RHP Nick Mistretta
|
|
Batting: RHB Andy Baumhardt
|
0-0: Ball 1-0: Ball 2-0: Called Strike 2-1: Ball 3-1: Foul Ball, location: 2F 3-2: Strikes out looking
|
|
Batting: RHB Juan Lira
|
0-0: Ball 1-0: Foul Ball, location: 2F 1-1: Called Strike 1-2: Ball 2-2: Foul Ball, location: 2F 2-2: Foul Ball, location: 2F 2-2: Foul Ball, location: 2F 2-2: Strikes out swinging
|
|
Batting: LHB Jose Mafano
|
0-0: Called Strike 0-1: Foul Ball, location: 2F 0-2: Ball 1-2: Strikes out looking
|
| Bottom of the 5th over - 0 runs, 0 hits, 0 errors, 0 left on base; Johnson City 13 - Chicago (APP) 0 |
| TOP OF THE 6TH |
|
Johnson City Cardinals batting - Pitching for Chicago (APP) Cubs : RHP Masato Iwase
|
|
Batting: RHB Jonathan Winkler
|
0-0: Ball 1-0: Ball 2-0: Ball 3-0: Called Strike 3-1: Base on Balls
|
|
Batting: RHB Johnny Lowe
|
0-0: Ball 1-0: Ball 2-0: Ball 3-0: Called Strike 3-1: Swinging Strike 3-2: Foul Ball, location: 2F 3-2: Foul Ball, location: 2F 3-2: Base on Balls Jonathan Winkler to second
|
|
Batting: RHB Pablo Nunez
|
0-0: Ball 1-0: Called Strike 1-1: Swinging Strike 1-2: Foul Ball, location: 2F 1-2: Strikes out swinging
|
|
Batting: RHB Adam Hudson
|
0-0: Swinging Strike 0-1: Fielders Choice at 2nd, 3-6 (Groundball, 34, EV 106.2 MPH) Jonathan Winkler to third
|
|
Batting: RHB Juan Carrillo
|
0-0: Called Strike 0-1: 3-RUN HOME RUN (Flyball, 7D, EV 99.4 MPH), Distance : 397 ft
|
|
Batting: RHB Kyle Burns
|
0-0: Ball 1-0: SINGLE (Groundball, 6MD, EV 95.0 MPH)
|
|
Batting: SHB Justin Houser
|
0-0: Foul Ball, location: 2F 0-1: Ball 1-1: Ball 2-1: Ground out U3 (Groundball, 3, EV 108.1 MPH)
|
| Top of the 6th over - 3 runs, 2 hits, 0 errors, 1 left on base; Johnson City 16 - Chicago (APP) 0 |
| BOTTOM OF THE 6TH |
|
Chicago (APP) Cubs batting - Pitching for Johnson City Cardinals : RHP Nick Mistretta
|
|
Batting: RHB Andy Villarreal
|
0-0: Called Strike 0-1: Ball 1-1: Ball 2-1: Swinging Strike 2-2: Ball 3-2: Foul Ball, location: 2F 3-2: Base on Balls
|
|
Batting: RHB Jorge Gonzalez
|
0-0: Ball Wild Pitch! Andy Villarreal to second 1-0: Foul Ball, location: 2F 1-1: Fly out, F7 (Flyball, 78S, EV 94.4 MPH)
|
|
Batting: RHB Bobby Almonte
|
0-0: Ball 1-0: Called Strike 1-1: Called Strike 1-2: Foul Ball, location: 2F 1-2: Strikes out swinging
|
|
Batting: SHB Jim Lloyd
|
0-0: Ball 1-0: Called Strike 1-1: Swinging Strike 1-2: Ball 2-2: Ball 3-2: Base on Balls
|
|
Batting: RHB Lencho Otieno
|
0-0: Ground out 4-3 (Groundball, 4S, EV 81.9 MPH)
|
| Bottom of the 6th over - 0 runs, 0 hits, 0 errors, 2 left on base; Johnson City 16 - Chicago (APP) 0 |
| TOP OF THE 7TH |
|
Johnson City Cardinals batting - Pitching for Chicago (APP) Cubs : RHP Masato Iwase
|
|
Pinch Hitting: RHB Sal Guzman
|
0-0: Ball 1-0: Swinging Strike 1-1: Ball 2-1: Ball 3-1: Base on Balls
|
|
Batting: RHB McGwire Jones
|
0-0: Called Strike 0-1: Ball Passed Ball! Sal Guzman to second 1-1: Foul Ball, location: 2F 1-2: Ball 2-2: Ball 3-2: Foul Ball, location: 2F 3-2: Foul Ball, location: 2F 3-2: Base on Balls
|
|
Batting: RHB Jonathan Winkler
|
0-0: Called Strike 0-1: Foul Ball, location: 2F 0-2: Strikes out looking
|
|
Batting: RHB Johnny Lowe
|
0-0: SINGLE (Flyball, 78S, EV 86.2 MPH) Sal Guzman to third McGwire Jones to second
|
|
Batting: RHB Pablo Nunez
|
0-0: Ball 1-0: Ball 2-0: Foul Ball, location: 2F 2-1: Ball 3-1: Base on Balls Sal Guzman scores McGwire Jones to third Johnny Lowe to second
|
|
Batting: RHB Adam Hudson
|
0-0: Foul Ball, location: 2F 0-1: Foul Ball, location: 2F 0-2: Ball 1-2: Ball 2-2: Strikes out looking
|
|
Batting: RHB Juan Carrillo
|
0-0: Ball 1-0: Fly out, F8 (Flyball, 89S, EV 84.4 MPH)
|
| Top of the 7th over - 1 run, 1 hit, 0 errors, 3 left on base; Johnson City 17 - Chicago (APP) 0 |
| BOTTOM OF THE 7TH |
|
Chicago (APP) Cubs batting - Pitching for Johnson City Cardinals : RHP Nick Mistretta
|
|
Now in CF: Jonathan Winkler
|
|
|
Now in RF: Sal Guzman
|
|
|
Batting: RHB Dustin Goldsborough
|
0-0: Ground out 6-3 (Groundball, 56, EV 103.8 MPH)
|
|
Batting: RHB Andy Baumhardt
|
0-0: SINGLE (Groundball, 5D, EV 93.8 MPH)
|
|
Batting: RHB Juan Lira
|
0-0: Foul Ball, location: 2F 0-1: 2-RUN HOME RUN (Flyball, 7D, EV 102.5 MPH), Distance : 387 ft
|
|
Batting: LHB Jose Mafano
|
0-0: Foul Ball, location: 2F 0-1: Ball 1-1: Ground out U3 (Groundball, 3, EV 85.0 MPH)
|
|
Batting: RHB Andy Villarreal
|
0-0: Ball 1-0: Fly out, F9 (Line Drive, 9D, EV 98.1 MPH)
|
| Bottom of the 7th over - 2 runs, 2 hits, 0 errors, 0 left on base; Johnson City 17 - Chicago (APP) 2 |
| TOP OF THE 8TH |
|
Johnson City Cardinals batting - Pitching for Chicago (APP) Cubs : RHP Masato Iwase
|
|
Batting: RHB Kyle Burns
|
0-0: Ball 1-0: Called Strike 1-1: SINGLE (Groundball, 56D, EV 104.4 MPH)
|
|
Batting: SHB Justin Houser
|
0-0: Ball Wild Pitch! Kyle Burns to second 1-0: 2-RUN HOME RUN (Flyball, 9D, EV 103.8 MPH), Distance : 389 ft
|
|
Batting: RHB Sal Guzman
|
0-0: Called Strike 0-1: SOLO HOME RUN (Line Drive, 9D, EV 100.6 MPH), Distance : 390 ft
|
|
Batting: RHB McGwire Jones
|
0-0: Foul Ball, location: 2F 0-1: Foul Ball, location: 2F 0-2: SOLO HOME RUN (Flyball, 7D, EV 108.1 MPH), Distance : 425 ft
|
|
Batting: RHB Jonathan Winkler
|
0-0: Fly out, F2 (Popup, 23F, EV 82.5 MPH)
|
|
Batting: RHB Johnny Lowe
|
0-0: Foul Ball, location: 2F 0-1: Called Strike 0-2: Foul Ball, location: 2F 0-2: Ball 1-2: Strikes out swinging
|
|
Batting: RHB Pablo Nunez
|
0-0: Called Strike 0-1: Ground out 4-3 (Groundball, 4, EV 80.0 MPH)
|
| Top of the 8th over - 4 runs, 4 hits, 0 errors, 0 left on base; Johnson City 21 - Chicago (APP) 2 |
| BOTTOM OF THE 8TH |
|
Chicago (APP) Cubs batting - Pitching for Johnson City Cardinals : RHP Nick Mistretta
|
|
Batting: RHB Jorge Gonzalez
|
0-0: Called Strike 0-1: Swinging Strike 0-2: Foul Ball, location: 2F 0-2: Foul Ball, location: 2F 0-2: Ball 1-2: Ball 2-2: Foul Ball, location: 2F 2-2: Foul Ball, location: 2F 2-2: Foul Ball, location: 2F 2-2: Strikes out swinging
|
|
Batting: RHB Bobby Almonte
|
0-0: Called Strike 0-1: Ball 1-1: Swinging Strike 1-2: Ball 2-2: Foul Ball, location: 2F 2-2: Strikes out looking
|
|
Batting: SHB Jim Lloyd
|
0-0: Ball 1-0: Ball 2-0: Swinging Strike 2-1: Ground out 5-3 (Groundball, 56, EV 82.5 MPH)
|
| Bottom of the 8th over - 0 runs, 0 hits, 0 errors, 0 left on base; Johnson City 21 - Chicago (APP) 2 |
| TOP OF THE 9TH |
|
Johnson City Cardinals batting - Pitching for Chicago (APP) Cubs : RHP Masato Iwase
|
|
Batting: RHB Adam Hudson
|
0-0: Ball 1-0: Ball 2-0: Ball 3-0: Called Strike 3-1: Base on Balls
|
|
Batting: RHB Juan Carrillo
|
0-0: Fielders Choice at 2nd, 6-4 (Groundball, 6, EV 83.8 MPH)
|
|
Batting: RHB Kyle Burns
|
0-0: Ball 1-0: Foul Ball, location: 2F 1-1: Fielders Choice at 2nd, 6-4 (Groundball, 6S, EV 79.4 MPH)
|
|
Batting: SHB Justin Houser
|
0-0: Ball 1-0: Ball 2-0: Ball 3-0: Called Strike 3-1: Called Strike 3-2: Base on Balls Kyle Burns to second
|
|
Batting: RHB Sal Guzman
|
0-0: Ball 1-0: Swinging Strike 1-1: Foul Ball, location: 2F 1-2: Foul Ball, location: 2F 1-2: Foul Ball, location: 2F 1-2: Foul Ball, location: 2F 1-2: Foul Ball, location: 2F 1-2: Ball 2-2: Strikes out swinging
|
| Top of the 9th over - 0 runs, 0 hits, 0 errors, 2 left on base; Johnson City 21 - Chicago (APP) 2 |
| BOTTOM OF THE 9TH |
|
Chicago (APP) Cubs batting - Pitching for Johnson City Cardinals : RHP Nick Mistretta
|
|
Pitching: RHP Emmanuel Godfrey
|
|
|
Batting: RHB Lencho Otieno
|
0-0: Ball 1-0: Swinging Strike 1-1: Ball 2-1: Foul Ball, location: 2F 2-2: Strikes out swinging, 2-3 out at first.
|
|
Batting: RHB Dustin Goldsborough
|
0-0: Called Strike 0-1: Swinging Strike 0-2: Ball 1-2: Ball 2-2: Strikes out swinging
|
|
Batting: RHB Andy Baumhardt
|
0-0: Called Strike 0-1: Fly out, F8 (Flyball, 8LD, EV 110.0 MPH)
|
| Bottom of the 9th over - 0 runs, 0 hits, 0 errors, 0 left on base; Johnson City 21 - Chicago (APP) 2 |
|